Map: 2000 Atmospheres LE

Players

Reynor - Winner!

  • Race: Zerg Zerg

Strange

  • Race: Protoss Protoss
  • League: Master

Event: DreamHack SC2 Masters 2021 Summer

VOD

Have the link to the VOD?

Description

Time

  • Played on: May 23, 2021, 10:52 a.m.
  • Length: 7:35

All games in this series

Show
View Real Time Build Order
Export as new Build Order

Reynor Zerg - Winner!

Build Orders: Hatch First, Swarm Host 

Get SALT Encoding   

  12  0:00  Drone  
  13  0:12  Overlord  
  13  0:16  Drone  
  14  0:30  Drone x2  
  16  0:48  Hatchery  
  15  0:51  Drone  
  15  0:54  Drone  
  17  0:57  Drone  
  18  1:08  Extractor  
  17  1:13  Spawning Pool  
  17  1:17  Drone  
  17  1:20  Drone  
  18  1:27  Drone  
  19  1:41  Drone  
  20  1:48  Overlord  
  20  1:59  Queen x2, Drone x2  
  26  2:10  Drone  
  26  2:11  Drone  
  28  2:21  Drone x2  
  30  2:30  Hatchery  
  30  2:33  Metabolic Boost  
  30  2:36  Drone  
  30  2:38  Drone  
  31  2:44  Overlord  
  31  2:46  Drone  
  31  2:51  Queen  
  32  2:53  Zergling x2  
  32  2:55  Zergling x2  
  36  3:04  Drone x2  
  38  3:07  Overlord  
  38  3:08  Drone x2  
  40  3:14  Overlord  
  40  3:16  Drone  
  41  3:20  Queen  
  41  3:25  Overlord  
  43  3:29  Drone  
  43  3:33  Queen  
  46  3:37  Drone x2  
  48  3:44  Drone x4  
  48  3:46  Queen  
  48  3:47  Drone  
  55  3:54  Drone x2  
  57  3:57  Queen  
  57  3:59  Overlord  
  57  4:01  Zergling x2  
  60  4:03  Zergling x2  
  60  4:04  Drone  
  60  4:05  Drone  
  63  4:10  Drone  
  63  4:11  Drone x2  
  63  4:12  Overlord  
  66  4:17  Drone  
  66  4:18  Spore Crawler  
  66  4:19  Queen  
  66  4:22  Drone  
  66  4:23  Drone x2  
  71  4:28  Drone  
  71  4:30  Roach Warren  
  71  4:34  Spore Crawler  
  71  4:36  Drone x4  
  74  4:39  Lair  
  74  4:43  Drone x3  
  73  4:45  Drone x2  
  73  4:47  Drone  
  73  4:49  Drone x2  
  73  4:50  Drone  
  78  4:53  Evolution Chamber  
  78  4:55  Extractor, Drone  
  78  4:56  Extractor, Drone  
  78  4:57  Extractor  
  78  4:59  Overlord  
  76  5:01  Drone x2  
  76  5:03  Drone  
  76  5:04  Drone  
  80  5:08  Overlord  
  80  5:14  Drone  
  80  5:15  Overlord, Drone  
  80  5:19  Zerg Missile Weapons Level 1  
  80  5:20  Drone  
  82  5:22  Drone x2  
  82  5:23  Overlord  
  82  5:25  Drone  
  82  5:26  Drone x3  
  82  5:27  Extractor, Drone  
  82  5:28  Overlord, Extractor  
  86  5:43  Infestation Pit  
  86  5:46  Hatchery, Glial Reconstitution  
  86  5:48  Queen  
  86  5:49  Overlord  
  86  5:56  Overlord  
  86  6:06  Overlord  
  86  6:11  Overseer  
  86  6:13  Queen  
  89  6:18  Roach x3  
  89  6:19  Roach  
  89  6:20  Roach  
  89  6:21  Roach x2  
  89  6:22  Overlord  
  101  6:27  Swarm Host x7  
  101  6:28  Swarm Host  
  125  6:34  Zergling x8, Roach x3  
  125  6:35  Zergling x2  
  125  6:39  Ravager  
  136  6:40  Roach  
  136  6:46  Ravager  
  139  6:48  Overlord  
  139  6:51  Roach x4  
  147  7:00  Roach x5  
  150  7:04  Roach x3  
  150  7:07  Roach  
  150  7:08  Roach  
  148  7:12  Roach x2  
  148  7:15  Roach  
Show
View Real Time Build Order
Export as new Build Order

Strange Protoss 

Build Orders: 1 Gate Expand, Double Forge, Phoenix Opening 

Get SALT Encoding   

  12  0:00  Probe  
  13  0:12  Probe  
  14  0:19  Pylon  
  14  0:24  Probe  
  15  0:37  Probe (Chrono Boost)  
  15  0:38  Gateway  
  16  0:46  Probe (Chrono Boost)  
  16  0:47  Assimilator  
  17  0:51  Probe  
  18  1:03  Probe  
  19  1:16  Probe  
  20  1:24  Nexus  
  20  1:35  Cybernetics Core  
  20  1:38  Probe  
  21  1:45  Assimilator  
  21  1:50  Probe  
  21  1:53  Pylon  
  22  2:02  Probe  
  23  2:11  Adept  
  23  2:14  Probe (Chrono Boost)  
  26  2:17  Stargate  
  27  2:23  Probe (Chrono Boost)  
  27  2:25  Warp Gate  
  27  2:31  Probe (Chrono Boost)  
  27  2:36  Probe (Chrono Boost)  
  29  2:41  Stalker  
  32  2:45  Probe x2 (Chrono Boost)  
  33  2:51  Probe  
  33  2:53  Probe  
  35  2:59  Phoenix (Chrono Boost)  
  35  3:03  Probe  
  35  3:05  Probe  
  39  3:07  Pylon  
  39  3:15  Probe, Phoenix (Chrono Boost)  
  39  3:17  Probe  
  43  3:27  Gateway  
  43  3:33  Probe  
  43  3:34  Probe  
  45  3:36  Phoenix (Chrono Boost)  
  45  3:40  Assimilator  
  47  3:43  Assimilator  
  47  3:45  Probe  
  47  3:46  Probe  
  49  3:53  Phoenix (Chrono Boost)  
  51  3:55  Pylon  
  51  3:57  Probe  
  51  3:59  Probe  
  53  4:04  Forge  
  53  4:09  Probe  
  54  4:12  Forge  
  54  4:14  Probe  
  55  4:20  Robotics Facility  
  55  4:22  Sentry, Probe  
  58  4:27  Gateway  
  58  4:28  Gateway  
  58  4:30  Sentry, Probe  
  61  4:33  Protoss Ground Weapons Level 1 (Chrono Boost)  
  61  4:35  Pylon  
  61  4:50  Sentry  
  61  4:58  Probe  
  61  4:59  Pylon  
  62  5:02  Sentry  
  62  5:04  Immortal (Chrono Boost)  
  62  5:07  Pylon  
  68  5:10  Probe  
  69  5:22  Zealot  
  69  5:23  Pylon  
  69  5:25  Nexus  
  71  5:35  Gateway  
  71  5:36  Gateway, Observer (Chrono Boost)  
  71  5:38  Gateway  
  71  5:39  Gateway  
  72  5:43  Sentry x3  
  72  5:48  Photon Cannon  
  78  5:56  Warp Prism (Chrono Boost)  
  80  5:58  Sentry  
  80  6:00  Pylon  
  78  6:16  Sentry x2, Stalker  
  84  6:21  Zealot  
  86  6:26  Probe x2  
  88  6:42  Stalker x4  
  88  6:43  Stalker x2  
  88  6:44  Zealot x2  
  98  7:01  Stalker x2  
  98  7:08  Stalker x3  
  102  7:09  Zealot x3  
  102  7:20  Probe  
  102  7:22  Probe x2  
Tags
 
Add a new tag
Caveats
  • Supply blocks, unpowered buildings, or Contaminate may cause inaccurate times.
  • Supply counts are checked every 10 seconds.